 Dungeon Crawl Stone Soup version 0.23-a0-404-g0063841da3 (webtiles) character file.

7201 Notair the Spear-Bearer (level 10, -3/83 HPs)
             Began as a Minotaur Gladiator on Nov 5, 2018.
             Was a Priest of Okawaru.
             Slain by a yak (10 damage)
             ... on level 10 of the Dungeon.
             The game lasted 00:26:20 (12479 turns).

Notair the Spear-Bearer (Minotaur Gladiator)       Turns: 12479, Time: 00:26:21

Health: -3/83      AC: 15    Str: 19    XL:     10   Next: 87%
Magic:  7/9        EV:  9    Int:  8    God:    Okawaru [***...]
Gold:   460        SH:  0    Dex: 12    Spells: 9/9 levels left

rFire    . . .     SeeInvis .   L - +4 trident (freeze) (curse)
rCold    + . .     Gourm    .   (no shield)
rNeg     . . .     Faith    .   R - +0 plate armour
rPois    .         Spirit   .   c - +0 hat
rElec    .         Reflect  .   t - scarf {cloud immunity}
rCorr    .         Harm     .   (no gloves)
MR       .....                  E - +0 pair of boots
Stlth    ..........             e - amulet of the acrobat
HPRegen  0.23/turn              A - ring of stealth
MPRegen  0.11/turn              (no ring)

@: heroism
A: retaliatory headbutt, horns 2, talons 1, blurry vision 1, cold resistance 1,
frail 1
a: Heroism, Renounce Religion


You were on level 10 of the Dungeon.
You worshipped Okawaru.
Okawaru was most pleased with you.
You were not hungry.

You visited 2 branches of the dungeon, and saw 11 of its levels.

You collected 526 gold pieces.
You spent 66 gold pieces at shops.

Inventory:

Hand Weapons
 a - a +0 trident
 d - a +0 hunting sling
 D - a +0 blowgun
 L - a cursed +4 trident of freezing (weapon)
Missiles
 j - 92 bolts
 B - 120 stones
 F - 48 poisoned needles
 G - 3 throwing nets (quivered)
 K - 30 sling bullets
Armour
 c - a +0 hat (worn)
 t - a scarf of cloud immunity (worn)
 E - a +0 pair of boots (worn)
 R - a +0 plate armour (worn)
Jewellery
 e - an amulet of the acrobat (around neck)
 q - an uncursed ring of poison resistance {unknown}
 A - a ring of stealth (left hand)
Wands
 p - a wand of iceblast (5)
 s - a wand of acid (7)
 w - a wand of disintegration (5)
 N - a wand of random effects (26)
Scrolls
 b - 8 scrolls of remove curse
 i - a scroll of enchant armour {unknown}
 l - 3 scrolls of enchant weapon {unknown}
 m - a scroll of teleportation
 n - 2 scrolls of magic mapping {unknown}
 o - 2 scrolls of fear
 v - a scroll of noise {unknown}
 x - 5 scrolls of fog
 I - a scroll of blinking {unknown}
 J - 3 scrolls of immolation {unknown}
 M - 3 scrolls of amnesia
 P - a scroll of brand weapon {unknown}
Potions
 g - a potion of haste
 h - 2 potions of cancellation
 k - a potion of magic
 r - a potion of invisibility
 u - a potion of flight
 z - 2 potions of agility
 C - a potion of lignification
 H - a potion of might {unknown}
 O - a potion of curing
 Q - 2 potions of resistance
Comestibles
 f - 13 rations


   Skills:
 + Level 10.2(15.2) Fighting
 * Level 14.8(19.8) Polearms
 - Level 4.4(10.0) Slings
 - Level 2.9(9.0) Throwing
 - Level 4.8(9.8) Armour
 - Level 3.2(8.2) Dodging
 - Level 2.0(7.0) Stealth


You had 9 spell levels left.
You didn't know any spells.
Your spell library contained the following spells:

 Spells                   Type           Power        Failure   Level  Hunger
 Confusing Touch          Hex            #.....       100%        1    ##.....
 Magic Dart               Conj           #...         100%        1    ##.....
 Summon Small Mammal      Summ           #...         100%        1    ##.....
 Searing Ray              Conj           #.....       100%        2    ###....
 Confuse                  Hex            #.......     100%        3    ####...
 Dazzling Spray           Conj/Hex       #.....       100%        3    ####...
 Gell's Gravitas          Tloc           #.........   100%        3    ####...
 Force Lance              Conj/Tloc      #.......     100%        4    #####..
 Fulminant Prism          Conj/Hex       #.........   100%        4    #####..
 Iskenderun's Mystic Bla  Conj           #.......     100%        4    #####..
 Petrify                  Tmut/Erth      #.......     100%        4    #####..
 Metabolic Englaciation   Hex/Ice        #.........   100%        5    ######.
 Yara's Violent Unravell  Hex/Tmut       #.........   100%        5    ######.


Dungeon Overview and Level Annotations

Branches:
Dungeon (10/15)            Temple (1/1) D:7
   Lair: D:8-11         Orc: D:9-12

Altars:
Cheibriados
Dithmenos
Elyvilon
Fedhas
Gozag
Hepliaklqana
Kikubaaqudgha
Makhleb
Nemelex Xobeh
Okawaru
Qazlal
Ru
Sif Muna
Trog
Uskayaw
Vehumet
Wu Jian
Xom
Yredelemnul
Zin
The Shining One

Shops:
D:5 ?


Innate Abilities, Weirdness & Mutations

You reflexively headbutt those who attack you in melee.
You have a pair of horns on your head.
You have sharp toenails.
Scrolls take you a little longer to read.
Your flesh is cold resistant. (rC+)
You are frail. (-10% HP)


Message History

You gain the combat prowess of a mighty hero.
The yak gores you.
* * * LOW HITPOINT WARNING * * *
You puncture the yak! You freeze the yak.
You kill the yak!
Okawaru accepts your kill. The yak closely misses you. You furiously retaliate!
You headbutt the yak, but do no damage.
Things that are here:
a yak corpse x2
You closely miss the yak. You headbutt the yak, but do no damage.
The yak gores you!
* * * LOW HITPOINT WARNING * * *
Your plate armour prevents you from hitting the yak.
You punch the yak.
The yak is lightly wounded.
You puncture the yak! You freeze the yak.
The yak is heavily wounded.
The yak gores you!
You die...

##### ....# ###.#
###.##### ........# ###
.##.###.# ##.## #########
.....##.###...###.......#
.##..##.##......@Y†...#
†....##.###....##.###.#
†###.##.####.#.##.# ###
.# .#.#..........# ..#
####.##.####.#.#### #.#
.....#### ##+#.### #.#
###### ##...... #.# ####
##.....## ### #.# ##.##
##.......## ##.###.#


You could see a yak.

Vanquished Creatures
  Harold (D:9)
  A two-headed ogre (D:9)
  A queen bee (D:7)
  Prince Ribbit (D:8)
  2 hippogriffs
  Eustachio (D:4)
  4 yaks (D:10)
  A hungry ghost (D:7)
  A sky beast (D:6)
  3 orc warriors
  5 ice beasts
  2 black bears
  3 ogres
  4 centaurs
  A crocodile (D:7)
  A bullfrog (D:9)
  A wyvern skeleton (D:6)
  2 scorpions
  20 killer bees
  4 wights (D:5)
  2 howler monkeys (D:9)
  5 crimson imps
  2 centaur zombies
  2 quasits
  A bullfrog skeleton (D:5)
  A gnoll shaman (D:7)
  A hound (D:5)
  3 jellies
  3 orc priests
  4 orc wizards
  2 centaur skeletons
  An iguana (D:5)
  Ijyb (D:3)
  5 worker ants
  A worker ant zombie (D:7)
  15 gnolls
  5 adders
  4 shadow imps
  2 oozes
  An adder zombie (D:5)
  3 adder skeletons
  A worm (D:2)
  3 dart slugs
  10 leopard geckos
  28 orcs
  12 bats
  3 giant cockroaches
  8 goblins
  5 hobgoblins
  7 jackals
  3 quokkas
  5 ball pythons
  5 frilled lizards
  10 kobolds
  A leopard gecko zombie (D:3)
  A quokka skeleton (D:3)
  5 rats
230 creatures vanquished.

Notes
Turn   | Place    | Note
-------+----------+-------------------------------------------
     0 | D:1      | Notair the Minotaur Gladiator began the quest for the Orb.
     0 | D:1      | Reached XP level 1. HP: 18/18 MP: 0/0
   141 | D:1      | Reached skill level 4 in Polearms
   150 | D:1      | Reached XP level 2. HP: 22/25 MP: 1/1
   391 | D:1      | Reached XP level 3. HP: 29/30 MP: 2/2
   419 | D:1      | Reached skill level 5 in Polearms
   956 | D:2      | Reached skill level 1 in Armour
  1156 | D:2      | Noticed a scorpion
  1173 | D:2      | Killed a scorpion
  1173 | D:2      | Reached XP level 4. HP: 12/37 MP: 3/3
  1418 | D:2      | Reached skill level 6 in Polearms
  1570 | D:2      | Reached XP level 5. HP: 35/44 MP: 4/4
  2284 | D:3      | Reached skill level 1 in Slings
  2319 | D:3      | Noticed Ijyb
  2332 | D:3      | Killed Ijyb
  2508 | D:3      | Found a sparkling altar of Nemelex Xobeh.
  2729 | D:4      | Reached XP level 6. HP: 44/51 MP: 5/5
  2781 | D:4      | Found a shimmering altar of Xom.
  2793 | D:4      | Found an ornate altar of the Wu Jian Council.
  2898 | D:4      | Noticed Eustachio
  2927 | D:4      | Killed Eustachio
  2927 | D:4      | Reached skill level 7 in Polearms
  3391 | D:4      | Reached XP level 7. HP: 58/58 MP: 6/6
  3661 | D:5      | Entered Level 5 of the Dungeon
  3738 | D:5      | Reached skill level 1 in Stealth
  4113 | D:5      | Reached skill level 8 in Polearms
  4313 | D:5      | Found a deep blue altar of Sif Muna.
  4590 | D:5      | Found a shadowy altar of Dithmenos.
  4593 | D:5      | Found a snail-covered altar of Cheibriados.
  4596 | D:5      | Found a sparkling altar of Nemelex Xobeh.
  4749 | D:5      | Reached XP level 8. HP: 66/66 MP: 7/7
  4766 | D:5      | Found Varoza's Magic Scroll Boutique.
  4773 | D:5      | Found an opulent altar of Gozag.
  4774 | D:5      | Bought a scroll of identify for 22 gold pieces
  4774 | D:5      | Bought a scroll of remove curse for 33 gold pieces
  4774 | D:5      | Bought a scroll of random uselessness for 11 gold pieces
  4909 | D:6      | Found a burning altar of Makhleb.
  5355 | D:6      | Found a white marble altar of Elyvilon.
  5373 | D:6      | Found a hazy altar of Hepliaklqana.
  5563 | D:6      | Found a sacrificial altar of Ru.
  5579 | D:6      | Reached skill level 9 in Polearms
  5855 | D:7      | Reached skill level 5 in Fighting
  6140 | D:7      | Reached skill level 10 in Polearms
  6262 | D:5      | Identified Sif Muna's Volume of Calling
  6299 | D:6      | Reached XP level 9. HP: 69/75 MP: 8/8
  6358 | D:7      | Reached skill level 11 in Polearms
  6669 | D:7      | Found a staircase to the Ecumenical Temple.
  6702 | Temple   | Entered the Ecumenical Temple
  6732 | Temple   | Became a worshipper of Warmaster Okawaru
  6988 | D:7      | Found a staircase to the Ecumenical Temple.
  7555 | D:8      | Noticed a queen bee
  7809 | D:7      | Killed a queen bee
  7809 | D:7      | Reached skill level 12 in Polearms
  8239 | D:7      | HP: 4/81 [poisoned by a killer bee]
  8241 | D:7      | Gained mutation: You are frail. (-10% HP) [potion of
                  | mutation]
  8241 | D:7      | Gained mutation: Your mind is acute. (Int +2) [potion of
                  | mutation]
  8241 | D:7      | Gained mutation: Your body sometimes deteriorates upon
                  | taking damage. [potion of mutation]
  8241 | D:7      | Gained mutation: You have sharp toenails. [potion of
                  | mutation]
  8636 | Temple   | Lost mutation: Your mind is acute. (Int +2) [potion of
                  | mutation]
  8636 | Temple   | Lost mutation: Your body sometimes deteriorates upon taking
                  | damage. [potion of mutation]
  8636 | Temple   | Gained mutation: Scrolls take you a little longer to read.
                  | [potion of mutation]
  8636 | Temple   | Gained mutation: Your flesh is cold resistant. (rC+)
                  | [potion of mutation]
  9202 | D:7      | Found a staircase to the Ecumenical Temple.
  9750 | D:8      | Reached * piety under Okawaru
  9880 | D:8      | Noticed Prince Ribbit
  9900 | D:8      | Killed Prince Ribbit
  9900 | D:8      | Reached XP level 10. HP: 69/81 MP: 9/9
 10563 | D:8      | Reached skill level 13 in Polearms
 11554 | D:9      | Noticed Harold
 11555 | D:9      | Noticed a two-headed ogre
 11569 | D:9      | Killed Harold
 11569 | D:9      | Reached ** piety under Okawaru
 11577 | D:9      | Killed a two-headed ogre
 11577 | D:9      | Reached *** piety under Okawaru
 11577 | D:9      | Reached skill level 14 in Polearms
 12181 | D:10     | Entered Level 10 of the Dungeon
 12276 | D:10     | Reached skill level 10 in Fighting
 12479 | D:10     | Slain by a yak

Vault maps used:
D:1:      dpeg_arrival_rooms_a
D:2:      first_ration, kennysheep_crisscross, st_stairs_12, corexii_shack,
          chequers_serial_rivers_micro_e
D:3:      serial_undead, serial_undead_d, serial_undead_d, serial_undead_f,
          serial_undead_c, nemelex_diamond_rough_becter, uniq_ijyb
D:4:      minitemple, uniq_eustachio
D:5:      nicolae_gozag_seed_capital, grunt_temple_overflow_diamond,
          serial_shops, shop, led_sif_book
D:6:      elyvilon_altar_1, lemuel_round_altar, nicolae_ru_the_path_less_chosen,
          basic_altar
D:7:      temple_fountains
D:8:      minmay_misc_feat_x, david_nohive_1, minmay_misc_feat_five,
          uniq_prince_ribbit1
D:9:      uniq_harold
D:10:     basic_altar
Temple:   cyrus_circular_temple

Skill      XL: |  1  2  3  4  5  6  7  8  9 10 |
---------------+-------------------------------+-----
Polearms       | 4 5 6 7 8 10 12 14 | 14.8
Armour         | 1 2 3 4 |  4.8
Fighting       | 3 4 6 8 10 | 10.2
Slings         | 2 3 4 |  4.4
Stealth        | 1 2 |  2.0
Throwing       | |  2.9
Dodging        | |  3.2

Action                   |  1- 3 |  4- 6 |  7- 9 | 10-12 || total
-------------------------+-------+-------+-------+-------++-------
Melee: Trident           |   113 |    99 |   332 |   175 ||   719
       Headbutt          |     8 |    20 |    50 |    28 ||   106
       Punch             |       |       |       |     1 ||     1
 Fire: Hunting sling     |       |    64 |     8 |       ||    72
Throw: Throwing net      |       |     5 |     2 |     2 ||     9
Invok: Heroism           |       |       |       |     1 ||     1
  Use: Scroll            |       |     1 |     9 |     3 ||    13
       Potion            |       |       |     8 |     1 ||     9
 Stab: Held in net/web   |       |     2 |     1 |       ||     3
  Eat: Chunk             |       |     5 |    13 |     3 ||    21
       Ration            |       |     1 |     3 |     2 ||     6
Armor: Leather armour    |     5 |       |       |       ||     5
       Chain mail        |    15 |    68 |   180 |    36 ||   299
       Ring mail         |     9 |       |       |       ||     9
       Plate armour      |       |       |       |    10 ||    10
Dodge: Dodged            |    54 |    60 |   184 |    47 ||   345

Table legend:
 A = Non-vault XP
 B = Vault XP
 C = Vault XP percentage of total XP
 D = Non-vault monster count
 E = Vault monster count
 F = Vault count percentage of total count
                 A         B        C        D         E       F
            +---------+---------+-------+---------+---------+-------
      Total |    7359 |    2929 |  28.5 |     199 |      31 |  13.5
            +---------+---------+-------+---------+---------+-------
        D:1 |      49 |       2 |   3.9 |      27 |       1 |   3.6
        D:2 |     145 |       9 |   5.8 |      24 |       3 |  11.1
        D:3 |      36 |     131 |  78.4 |      14 |       6 |  30.0
        D:4 |     170 |     208 |  55.0 |       9 |       1 |  10.0
        D:5 |     621 |      77 |  11.0 |      25 |       2 |   7.4
        D:6 |     542 |       0 |   0.0 |      15 |       0 |   0.0
        D:7 |    2000 |     925 |  31.6 |      31 |      11 |  26.2
        D:8 |     792 |     585 |  42.5 |      18 |       6 |  25.0
        D:9 |    1851 |     992 |  34.9 |      26 |       1 |   3.7
       D:10 |    1153 |       0 |   0.0 |      10 |       0 |   0.0
            +---------+---------+-------+---------+---------+-------
